 Dungeon Crawl Stone Soup version 0.17.1-3-g152610e (webtiles) character file.

45 aeluma the Grave Robber (level 3, -1/24 HPs)
             Began as a Vampire Necromancer on Apr 18, 2016.
             Slain by a kobold
             ... wielding a +0 short sword
              (6 damage)
             ... on level 2 of the Dungeon.
             The game lasted 00:06:44 (1652 turns).

aeluma the Grave Robber (Vampire Necromancer)       Turns: 1652, Time: 00:06:45

Health: -1/24      AC:  2    Str:  8    XL:     3   Next: 42%
Magic:  2/6        EV: 12    Int: 17    God:
Gold:   75         SH:  0    Dex: 14    Spells: 2 memorised, 4 levels left

rFire  . . .     SeeInvis +     f - -1 dagger (curse)
rCold  + . .     Clarity  .     a - +0 robe
rNeg   + + .     SustAt   .     (no shield)
rPois  +         Gourm    .     (no helmet)
rElec  .         Spirit   .     (no cloak)
rCorr  .         Warding  .     (no gloves)
rMut   .         Stasis   .     (no boots)
MR     .....                    (no amulet)
Stlth  +++.......               (no ring)
                                (no ring)

@: regenerating slowly, not resistant to hostile enchantments, fairly stealthy
A: fangs 3, see invisible, unbreathing
a: Bat Form


You were on level 2 of the Dungeon.
You were thirsty.

You visited 1 branch of the dungeon, and saw 2 of its levels.

You collected 75 gold pieces.

Inventory:

Hand Weapons
 f - a cursed -1 dagger (weapon)
Armour
 a - a +0 robe (worn)
 j - a +2 cloak
Scrolls
 d - 2 scrolls of random uselessness {unknown}
 g - 2 scrolls of identify {unknown}
 h - a scroll of blinking {unknown}
 k - a scroll of remove curse {unknown}
 l - a scroll of fog {unknown}
Potions
 c - 8 potions of blood
 e - 2 potions of heal wounds {unknown}
 i - a potion of invisibility
 m - a potion of might {unknown}
 n - a potion of curing {unknown}
 o - a potion of mutation {unknown}
Books
 b - a book of Necromancy

   Spells                             Type                      Level
   a - Pain                           Necromancy                   1
   b - Animate Skeleton               Necromancy                   1
   c - Vampiric Draining              Necromancy                   3
   d - Regeneration                   Charms/Necromancy            3
   e - Animate Dead                   Necromancy                   4
   f - Control Undead                 Necromancy                   4


   Skills:
 - Level 2.1 Dodging
 + Level 4.9 Stealth
 - Level 2.0 Spellcasting
 + Level 5.0 Necromancy


You had 4 spell levels left.
You knew the following spells:

 Your Spells              Type           Power        Failure   Level  Hunger
a - Pain                  Necr           ###.         2%          1    #......
b - Animate Skeleton      Necr           N/A          2%          1    #......


Dungeon Overview and Level Annotations

Branches:
Dungeon (2/15)

Altars:

Annotations:
D:2 Natasha


Innate Abilities, Weirdness & Mutations

You heal slowly.
You have razor-sharp teeth.
You have supernaturally acute eyesight.
You can survive without breathing.


Message History

Aim: Natasha (moderately wounded)
Okay, then.
Found a meat ration.
Casting: Pain
Confirm with . or Enter, or press ? or * to list all spells.
Aiming: Pain
Press: ? - help, Shift-Dir - straight line, f/p - Natasha
Aim: Natasha (moderately wounded, chance to defeat MR: 78%) Natasha convulses in agony!
The hobgoblin shouts!
The iron imp hits you. Natasha claws you.
Casting: Pain
Confirm with . or Enter, or press ? or * to list all spells.
Aiming: Pain
Press: ? - help, Shift-Dir - straight line, f/p - Natasha
Aim: Natasha (almost dead, chance to defeat MR: 78%) Natasha convulses in agony!
The iron imp hits you!
* * * LOW HITPOINT WARNING * * *
The kobold hits you with a short sword.
You die...

#.......... ..........#
#.......... %.........
####....... ..........
#.....## ....#..g.# .#
#.....## .........# .#
#.....##
...#...5.##.#####.[...##
......Kh5.....$.......##
.......@.........##### #
# ......?..........# # #
............>...)# #
......(..........#
.................#
.................# # # #
###..............# #
#.#. #..............# #
.%.. #..............# #


You could see an iron imp, Natasha, a crimson imp, a hobgoblin and a kobold.

Vanquished Creatures
  An adder (D:2)
  A worm (D:2)
  2 giant cockroaches (D:1)
  A ball python (D:1)
  5 bats (D:1)
  2 giant newts
  6 goblins
  10 kobolds
  9 rats
37 creatures vanquished.

Notes
Turn   | Place    | Note
--------------------------------------------------------------
     0 | D:1      | aeluma the Vampire Necromancer began the quest for the Orb.
     0 | D:1      | Reached XP level 1. HP: 13/13 MP: 3/3
   502 | D:1      | Learned a level 1 spell: Animate Skeleton
   679 | D:1      | Reached XP level 2. HP: 16/19 MP: 3/5
  1520 | D:2      | Reached skill level 5 in Necromancy
  1520 | D:2      | Reached XP level 3. HP: 21/24 MP: 2/6
  1646 | D:2      | Noticed Natasha
  1652 | D:2      | Slain by a kobold

Action                   || total
-------------------------++-------
Melee: Unarmed           ||    10
       Dagger            ||    11
 Cast: Pain              ||    52
       Animate Skeleton  ||     6
  Use: Potion            ||     1
 Stab: Sleeping          ||     4
